 Dungeon Crawl Stone Soup version 0.28.0-53-g5a82cb258f (webtiles) character file.

Game seed: 10971731282838565865

331 Sin92 the Magician (level 6, -3/47 HPs)
             Began as a Demonspawn Hedge Wizard on July 9, 2022.
             Killed by divine providence
             ... invoked by an orc priest
              (13 damage)
             ... on level 4 of the Dungeon.
             The game lasted 00:08:47 (5637 turns).

Sin92 the Magician (Demonspawn Hedge Wizard)        Turns: 5637, Time: 00:08:48

Health: -3/47      AC:  3    Str:  9 (10) XL:     6   Next: 26%
Magic:  11/11      EV: 12    Int: 14 (15) God:
Gold:   155        SH:  0    Dex: 12 (15) Spells: 8/12 levels left

rFire   . . .      SeeInvis .   l - +5 dagger (freeze)
rCold   . . .      Faith    .   (no shield)
rNeg    . . .      Spirit   .   b - +0 robe
rPois   .          Reflect  .   c - +0 hat
rElec   .          Harm     .   (no cloak)
rCorr   +          Rampage  .   (no gloves)
Will    .....                   k - +0 pair of boots
Stlth   ++........              (no amulet)
HPRegen 0.15/turn               e - ring of resist corrosion
MPRegen 0.12/turn               (no ring)

@: flying
A: ignite blood 1, sturdy frame 1, demonic touch 2
a: no special abilities


You were on level 4 of the Dungeon.
You visited 1 branch of the dungeon, and saw 4 of its levels.

You collected 155 gold pieces.

Inventory:

Hand Weapons
 a - a +0 dagger
 i - a +1 dagger of venom
 l - a +5 dagger of freezing (weapon)
Armour
 b - a +0 robe (worn)
 c - a +0 hat (worn)
 k - a +0 pair of boots (worn)
Jewellery
 e - a ring of resist corrosion (left hand)
 g - a ring of ice
Scrolls
 d - 2 scrolls of teleportation
Potions
 f - a potion of magic
 h - a potion of curing


   Skills:
 * Level 3.3 Fighting
 + Level 2.7 Dodging
 + Level 3.1 Stealth
 + Level 3.6 Spellcasting
 + Level 2.2 Conjurations
 - Level 1.0 Summonings
 + Level 2.0 Translocations


You had 8 spell levels left.
You knew the following spells:

 Your Spells              Type           Power      Damage    Failure   Level
a - Magic Dart            Conj           32%        1d4       9%          1
b - Blink                 Tloc           16%        N/A       13%         2
c - Slow                  Hex            8%         N/A       21%         1

Your spell library contained the following spells:

 Spells                   Type           Power      Damage    Failure   Level
 Freeze                   Ice            8%         1d3       21%         1
 Call Imp                 Summ           5%         N/A       21%         2
 Conjure Flame            Conj/Fire      5%         6-21      36%         3
 Mephitic Cloud           Conj/Pois/Air  4%         N/A       41%         3
 Frozen Ramparts          Ice            4%         1d2       52%         3
 Hailstorm                Conj/Ice       5%         3d4       77%         4


Dungeon Overview and Level Annotations

Branches:
Dungeon (4/15)
 Temple: D:4-7

Altars:


Innate Abilities, Weirdness & Mutations

Your demonic aura sometimes causes spilled blood to erupt in flames.
Your movements are slightly less encumbered by armour. (ER -2)
Your touch may inflict irresistible damage on your foes.


Message History

A jelly comes into view.
Found a stone staircase leading up.
The orc priest shouts!
The orc wizard shouts!
The jelly quivers.
The orc priest shouts!
You hear a bark!
The orc priest calls down the wrath of Beogh upon you.
Beogh smites you!
The orc priest calls down the wrath of Beogh upon you.
Beogh smites you!
A hound comes into view.
Okay, then.
Okay, then.
It was a potion of degeneration.
There was something very wrong with that liquid.
You feel weakened.
You feel dopey.
You feel clumsy.
It was a potion of flight.
You feel very buoyant.
You fly up into the air.
The hound barks!
You closely miss the orc wizard. Your touch misses the orc wizard.
The hound bites you.
You hit the orc wizard. You freeze the orc wizard.
You touch the orc wizard.
You kill the orc wizard!
The hound closely misses you.
You hit the orc priest but do no damage.
The hound barely misses you. The hound completely misses you.
The orc priest hits you with a +0 dagger.
You hit the orc priest. You freeze the orc priest.
Your touch misses the orc priest.
The orc priest is moderately wounded.
The hound bites you.
* * * LOW HITPOINT WARNING * * *
The orc priest hits you with a +0 dagger.
* * * LOW HITPOINT WARNING * * *
You hit the orc priest. You freeze the orc priest.
The orc priest is heavily wounded.
The hound closely misses you.
The orc priest invokes the aid of Beogh against you.
Beogh smites you!
You die...

#.#.# #....
#.#.# #o#.#
#...## #...#
#.o.#
##########o.#
#........@h>#
#.###########
#####'##
#......#
#......#
#......#
#####'## #.#
########.#


You could see a hound and 2 orc priests.

Vanquished Creatures
  A scorpion (D:3)
  A centaur zombie (D:3)
  Terence (D:2)
  An orc wizard (D:4)
  A scorpion zombie (D:2)
  3 gnolls (D:3)
  6 adders
  An adder zombie (D:2)
  2 worms (D:2)
  2 orcs (D:3)
  6 endoplasms
  4 giant cockroaches
  5 goblins
  4 hobgoblins
  6 jackals (D:3)
  8 kobolds
  4 quokkas
  8 ball pythons
  2 ball python skeletons (D:2)
  6 bats
  A quokka skeleton (D:2)
  8 rats
81 creatures vanquished.

Vanquished Creatures (others)
  A withered plant (D:2)
1 creature vanquished.

Grand Total: 82 creatures vanquished

Notes
Turn   | Place    | Note
-------+----------+-------------------------------------------
     0 | D:1      | Sin92 the Demonspawn Hedge Wizard began the quest for the
                  | Orb.
     0 | D:1      | Reached XP level 1. HP: 13/13 MP: 4/4
   152 | D:1      | Reached skill level 1 in Translocations
   426 | D:1      | Gained mutation: Your touch may inflict minor irresistible
                  | damage on your foes. [demonic ancestry]
   426 | D:1      | Reached XP level 2. HP: 20/20 MP: 1/6
   607 | D:1      | Reached skill level 1 in Fighting
  1577 | D:2      | Gained mutation: Your movements are slightly less
                  | encumbered by armour. (ER -2) [demonic ancestry]
  1577 | D:2      | Reached XP level 3. HP: 26/26 MP: 5/7
  2046 | D:2      | Noticed Terence
  2681 | D:2      | Learned a level 2 spell: Blink
  2683 | D:2      | Learned a level 1 spell: Slow
  3049 | D:2      | Reached XP level 4. HP: 23/33 MP: 2/8
  3349 | D:2      | Killed Terence
  3831 | D:3      | Noticed a scorpion
  3842 | D:3      | Killed a scorpion
  3843 | D:3      | Gained mutation: Your demonic aura sometimes causes spilled
                  | blood to erupt in flames. [demonic ancestry]
  3843 | D:3      | Reached XP level 5. HP: 15/39 MP: 8/10
  4308 | D:3      | Found a faded altar of an unknown god.
  5094 | D:3      | Gained mutation: Your touch may inflict irresistible damage
                  | on your foes. [demonic ancestry]
  5094 | D:3      | Reached XP level 6. HP: 35/47 MP: 2/11
  5637 | D:4      | Killed from afar by an orc priest

Illustrated notes

Levels and vault maps discovered:
D:1:      dpeg_arrival_round_c, layout_loops_corners
D:2:      layout_loops_ring, serial_undead, serial_undead_c, serial_undead_a,
          serial_undead_d, serial_undead_e, kennysheep_another_room,
          uniq_terence
D:3:      layout_rooms, ebering_ecumenical_altar_box
D:4:      layout_basic, kennysheep_generic_room_14

Skill      XL: |  1  2  3  4  5 |
---------------+----------------+-----
Translocations | 1 2 |  2.0
Stealth        | 2 3 |  3.1
Fighting       | 1 2 3 |  3.3
Dodging        | 2 |  2.7
Conjurations   | 2 |  2.2
Spellcasting   | |  3.6
Summonings     | |  1.0

Action                   |  1- 3 |  4- 6 || total
-------------------------+-------+-------++-------
Melee: Dagger            |    65 |    94 ||   159
       Touch             |    12 |    17 ||    29
 Cast: Magic Dart        |    69 |    49 ||   118
       Slow              |       |     6 ||     6
  Use: Potion            |     3 |     2 ||     5
       Scroll            |     1 |     3 ||     4
 Stab: Sleeping          |     2 |     5 ||     7
Armor: Robe              |     8 |    20 ||    28
Dodge: Dodged            |    33 |    56 ||    89
